 Dungeon Crawl Stone Soup version 0.29-a0-207-gf982a884d8 (webtiles) character file.

Game seed: 12882843363850069121

102 bande the Covered (level 4, -5/29 HPs)
             Began as a Gargoyle Fighter on Feb 24, 2022.
             Slain by Sigmund
             ... wielding a +0 scythe
              (9 damage)
             ... on level 3 of the Dungeon.
             The game lasted 00:04:14 (3318 turns).

bande the Covered (Gargoyle Fighter)                Turns: 3318, Time: 00:04:15

Health: -5/29      AC: 10    Str: 19    XL:     4   Next: 77%
Magic:  4/4        EV:  9    Int:  9    God:
Gold:   156        SH:  5    Dex: 11    Spells: 3/3 levels left

rFire   . . .      SeeInvis .   a - +0 war axe (flame)
rCold   . . .      Faith    .   c - +1 buckler
rNeg    + . .      Spirit   .   b - +0 scale mail
rPois   ∞          Reflect  .   (no helmet)
rElec   +          Harm     .   (no cloak)
rCorr   .          Rampage  .   (no gloves)
Will    .....                   (no boots)
Stlth   ..........              (no amulet)
HPRegen 0.09/turn               (no ring)
MPRegen 0.09/turn               (no ring)

@: mighty
A: sickness immunity, AC +3, negative energy resistance 1, electricity
resistance, torment resistance 1, petrification resistance
a: no special abilities


You were on level 3 of the Dungeon.
You visited 1 branch of the dungeon, and saw 3 of its levels.

You collected 156 gold pieces.

Inventory:

Hand Weapons
 a - a +0 war axe of flaming (weapon)
 e - a +0 mace of holy wrath
Armour
 b - a +0 scale mail (worn)
 c - a +1 buckler (worn)
Scrolls
 g - a scroll of summoning
Potions
 f - a potion of berserk rage
 k - a potion of curing


   Skills:
 + Level 3.7 Fighting
 + Level 3.3 Axes
 + Level 4.1 Armour
 + Level 3.5 Shields


You had 3 spell levels left.
You didn't know any spells.
Your spell library contained the following spells:

 Spells                   Type           Power      Damage    Failure   Level
 Animate Skeleton         Necr           0%         N/A       83%         1
 Pain                     Necr           0%         1d4       83%         1
 Corpse Rot               Necr/Air       0%         N/A       93%         2
 Poisonous Vapours        Pois/Air       0%         N/A       93%         2
 Vampiric Draining        Necr           0%         2d6       99%         3


Dungeon Overview and Level Annotations

Branches:
Dungeon (3/15)

Altars:

Shops:
D:3 [

Annotations:
D:3 Sigmund


Innate Abilities, Weirdness & Mutations

You are immune to sickness and miasma.
Your stone body is resilient. (AC +3)
You are immune to poison.
You resist negative energy. (rN+)
You are resistant to electric shocks. (rElec)
You are resistant to unholy torment.
You are immune to petrification.


Message History

The orc shouts!
Sigmund the Dreaded comes into view.
He is wielding a +0 scythe.
Found a stone staircase leading down.
Sigmund shouts!
A goblin comes into view. It is wielding a +0 dagger.
The orc barely misses you.
Sigmund points at you and mumbles some strange words.
The puff of flame hits you but does no damage.
You hit the orc but do no damage. The orc hits you but does no damage.
You slash the orc! You burn the orc.
You kill the orc!
Sigmund casts a spell.
Sigmund flickers and vanishes!
Deactivating autopickup; reactivate with Ctrl-A.
You hear some strange, mumbled words.
Something tries to affect you, but you resist.
You closely miss the goblin. You barely miss something.
You hear some strange, mumbled words.
A puff of flame appears from out of thin air!
The puff of flame hits you. The goblin barely misses you.
Something hits you but does no damage. The goblin misses you.
You barely miss the goblin. You hit something. You burn something.
The goblin barely misses you. Something hits you but does no damage.
You barely miss the goblin. You miss something. You block the goblin's attack.
You barely miss the goblin. You barely miss something. Something hits you!
The goblin hits you with a +0 dagger. The goblin hits you but does no damage.
You closely miss the goblin. You barely miss something.
Something hits you but does no damage. The goblin hits you but does no damage.
Unknown command.
You slash the goblin! You burn the goblin.
You kill the goblin!
You closely miss something. Something hits you but does no damage.
Something hits you.
You see here a +0 dagger.
You feel very mighty all of a sudden. Something hits you. Something hits you!
* * * LOW HITPOINT WARNING * * *
You barely miss something. Something hits you!
You die...

......#.###.##########
......#.###.#
......#.#...#
#........### #........#
#........# #........#
#...{...$# # ####
#...@..).# #.# ###...
#....)...#...###.....
........................
....#.........#.#.#.....
... #......#..#.#.#.....
#. #..##+###..#.#.......
# #...##......#.#.######
#..........<...).[.....
#.... #.....<..#.#.####


There were no monsters in sight!

Vanquished Creatures
  Terence (D:2)
  2 adders (D:2)
  2 worms (D:2)
  3 dart slugs
  2 orcs (D:3)
  5 ball pythons
  3 endoplasms
  2 giant cockroaches (D:1)
  4 goblins
  2 hobgoblins
  4 jackals (D:1)
  A kobold (D:1)
  4 quokkas
  3 bats
  A frilled lizard (D:1)
  3 rats (D:1)
42 creatures vanquished.

Vanquished Creatures (others)
  An adder (D:2)
  An endoplasm (D:2)
  5 fungi (D:2)
  5 plants (D:2)
12 creatures vanquished.

Grand Total: 54 creatures vanquished

Notes
Turn   | Place    | Note
-------+----------+-------------------------------------------
     0 | D:1      | bande the Gargoyle Fighter began the quest for the Orb.
     0 | D:1      | Reached XP level 1. HP: 14/14 MP: 1/1
   148 | D:1      | Reached XP level 2. HP: 18/19 MP: 2/2
  1347 | D:1      | Reached XP level 3. HP: 15/23 MP: 3/3
  1922 | D:2      | HP: 1/23 [worm (7)]
  2401 | D:2      | Found a faded altar of an unknown god.
  2496 | D:2      | Reached XP level 4. HP: 28/28 MP: 4/4
  2550 | D:2      | Noticed Terence
  2565 | D:2      | Killed Terence
  2566 | D:2      | Reached skill level 4 in Armour
  3199 | D:3      | Found Onyl Sucuse's Antique Armour Shop.
  3301 | D:3      | Noticed Sigmund
  3318 | D:3      | Slain by Sigmund

Illustrated notes

Levels and vault maps discovered:
D:1:      dpeg_arrival_short_road, layout_loops_ring, kennysheep_boxes
D:2:      layout_basic, shapermc_ecumenical_altar_mp_urbaneastern,
          lemuel_old_faithful, uniq_terence
D:3:      layout_basic, makhleb_altar_promises_db, serial_shops, shop,
          minmay_misc_feat_chi, uniq_sigmund

Skill      XL: |  1  2  3  4 |
---------------+-------------+-----
Axes           | 2 3 |  3.3
Armour         | 4 |  4.1
Fighting       | |  3.7
Shields        | |  3.5

Action                   |  1- 3 |  4- 6 || total
-------------------------+-------+-------++-------
Melee: War axe           |   124 |    38 ||   162
  Use: Scroll            |     9 |     1 ||    10
       Potion            |       |     1 ||     1
Armor: Scale mail        |    70 |    24 ||    94
Dodge: Dodged            |    63 |    15 ||    78
Block: Buckler           |    26 |     7 ||    33

Table legend: (Time is in decaauts)
 A = Elapsed time spent in this place.
 B = Non-inter-level travel time spent in this place.
 C = Inter-level travel time spent in this place.
 D = Time resting spent in this place.
 E = Time spent auto-exploring this place.
 F = Levels seen in this place.
 G = Mean time per level.
                   A        B        C        D        E       F      G
               +--------+--------+--------+--------+--------+-----+--------+
         Total |   3425 |   3360 |     65 |   1571 |   1328 |   3 | 1141.7 |
       Dungeon |   3425 |   3360 |     65 |   1571 |   1328 |   3 | 1141.7 |
               +--------+--------+--------+--------+--------+-----+--------+

Top non-repeatable levels by time:
     D:1: 1965 daAuts
     D:2: 1256 daAuts
     D:3: 202 daAuts
